 Dungeon Crawl Stone Soup version 0.28-a0-1613-gdaab1c2f9b (webtiles) character file.

Game seed: 10678911428545351104

1694 issech the Cudgeller (level 8, -3/79 HPs)
             Began as a Troll Fighter on Jan 22, 2022.
             Slain by a hornet (10 damage)
             ... on level 6 of the Dungeon.
             The game lasted 00:29:38 (6129 turns).

issech the Cudgeller (Troll Fighter)                Turns: 6129, Time: 00:29:38

Health: -3/79      AC:  5    Str: 28    XL:     8   Next: 72%
Magic:  7/7        EV: 11    Int:  6    God:
Gold:   250        SH: 11    Dex: 17    Spells: 7/7 levels left

rFire   . . .      SeeInvis .   I - +1 whip (vamp)
rCold   + . .      Faith    .   c - +1 kite shield
rNeg    . . .      Spirit   .   r - +0 robe of Tajunlu {*Corrode rPois Str+3 Int+2}
rPois   +          Reflect  .   (helmet restricted)
rElec   .          Harm     .   q - +0 cloak
rCorr   .          Rampage  .   (gloves unavailable)
Will    .....                   (boots unavailable)
Stlth   ++........              (no amulet)
HPRegen 1.83/turn               i - +6 ring of dexterity
MPRegen 0.10/turn               H - ring of protection from cold

@: lethally poisoned (-3 -> -3)
A: large, unfitting armour, claws 3, regeneration 2, shaggy fur 1, tough skin 1,
horns 1, no potion heal 1
a: no special abilities


You were on level 6 of the Dungeon.
You visited 1 branch of the dungeon, and saw 6 of its levels.
You also visited: Sewer.

You collected 250 gold pieces.

Inventory:

Hand Weapons
 a - a +0 flail
 h - a +2 whip of pain
 k - a +0 dagger of speed
 n - a +0 mace
 o - a +0 morningstar
 p - a +2 spear of venom
 v - a +1 dagger of venom
 x - a +0 club
 A - a +2 spear of venom
 D - a +0 hunting sling
 I - a +1 vampiric whip (weapon)
 J - a +0 great mace
Missiles
 g - 161 stones (quivered)
 l - 15 bolts
 m - 16 sling bullets
 t - 22 poisoned darts
 z - 2 curare-tipped darts
 B - a throwing net
 C - 29 arrows
 G - 3 atropa-tipped darts
Armour
 b - a +0 robe
 c - a +1 kite shield (worn)
 q - a +0 cloak (worn)
 r - the +0 robe of Tajunlu (worn) {*Corrode rPois Str+3 Int+2}
   (You took it off an orc on level 3 of the Dungeon)

   Str:       It affects your strength (+3).
   Int:       It affects your intelligence (+2).
   rPois:     It protects you from poison.
   *Corrode:  It may corrode you when you take damage.
Magical Staves
 u - a staff of poison
Jewellery
 i - a +6 ring of dexterity (left claw)
 H - a ring of protection from cold (right claw)
Wands
 E - a wand of mindburst (13)
Scrolls
 s - a scroll of enchant armour
 y - 2 scrolls of teleportation
 F - a scroll of identify
Potions
 d - 2 potions of might
 e - 4 potions of curing
 f - 3 potions of magic
 j - a potion of haste
 w - 2 potions of lignification
 K - a potion of cancellation


   Skills:
 + Level 4.5 Fighting
 + Level 6.2 Maces & Flails
 + Level 0.9 Throwing
 + Level 4.7 Dodging
 + Level 0.7 Stealth
 + Level 5.2 Shields


You had 7 spell levels left.
You didn't know any spells.
Your spell library contained the following spells:

 Spells                   Type           Power      Damage    Failure   Level
 Shock                    Conj/Air       0%         1d3       73%         1
 Sting                    Tmut/Pois      0%         1d3       73%         1
 Summon Small Mammal      Summ           0%         N/A       73%         1
 Poisonous Vapours        Pois/Air       0%         N/A       86%         2
 Call Canine Familiar     Summ           0%         N/A       97%         3
 Ozocubu's Armour         Ice            0%         N/A       97%         3
 Stone Arrow              Conj/Erth      0%         3d7       97%         3
 Summon Guardian Golem    Hex/Summ       0%         N/A       97%         3
 Swiftness                Air            0%         N/A       97%         3
 Airstrike                Air            0%         N/A       100%        4
 Animate Armour           Summ/Erth      0%         N/A       100%        4
 Olgreb's Toxic Radiance  Pois           0%         N/A       100%        4
 Ozocubu's Refrigeration  Ice            0%         4d5       100%        7
 Lehudib's Crystal Spear  Conj/Erth      0%         10d2      100%        8


Dungeon Overview and Level Annotations

Branches:
Dungeon (6/15)              Sewer (visited)
 Temple: D:4-7

Altars:
Dithmenos
Kikubaaqudgha


Innate Abilities, Weirdness & Mutations

You are too large for most types of armour.
You have claws for hands.
You heal very quickly.
You are covered in fur. (AC +1)
You have tough skin. (AC +1)
You have a pair of small horns on your head.
Potions are less effective at restoring your health.


Message History

You are no longer poisoned.
The hornet barely misses you.
A sky beast appears from thin air!
Reactivating autopickup.
The hornet stings you.
You suddenly lose the ability to move!
The hornet stings you but does no damage.
The hornet stings you!
You are poisoned.
You feel very sick. The hornet stings you!
You can move again.
You feel yourself speed up.
You feel very sick. The hornet barely misses you. The hornet stings you.
You feel sick.
You feel sick. The hornet barely misses you.
You feel sick.
You feel sick. The hornet barely misses you.
You feel sick.
You feel sick. You block the hornet's attack.
You feel sick.
You are no longer poisoned.
The hornet stings you!
* * * LOW HITPOINT WARNING * * *
You suddenly lose the ability to move!
You can move again.
The sky beast flickers out of sight!
Deactivating autopickup; reactivate with Ctrl-A.
The hornet stings you.
* * * LOW HITPOINT WARNING * * *
You feel yourself slow down. You block the hornet's attack.
The hornet completely misses you.
You feel yourself speed up. The hornet stings you!
* * * LOW HITPOINT WARNING * * *
You are poisoned.
You block the hornet's attack.
You feel sick.
You feel sick. The hornet stings you!
You die...

#.# .# ........## #.###.####
.##.#............≈..# #.........
...............##≈## ..........
........ .....##.# ......#..#
#...#..# #.##.##.#
...#........##.#.#..# #.##.##.#
.........#..#<..>...# #.##.##.#
......#..#..##.#.#..###.##.##.##
................@y.............#
........................##.#####
...............................#
........................##.#####
...........................#
.........##..#.#.#..##..##.#
.#..................##..##.#
....................##..##.#
.......#.##.................


You could see a hornet.

Vanquished Creatures
  Grinder (Sewer)
  2 sky beasts
  An ice beast (D:5)
  A necrophage (Sewer)
  An ogre (D:5)
  A phantom (D:5)
  A kobold brigand (Sewer)
  A gnoll sergeant (D:5)
  2 scorpions (D:4)
  A jelly (D:5)
  2 wights
  A hound (D:6)
  A gnoll shaman (D:4)
  2 orc priests
  An iguana (D:5)
  An orc wizard (D:5)
  A scorpion zombie (D:5)
  A killer bee zombie (D:5)
  12 gnolls
  4 adders
  A river rat (D:6)
  4 shadow imps
  6 ufetubi
  An adder zombie (Sewer)
  3 worms
  6 dart slugs
  16 orcs
  4 bats
  16 endoplasms
  7 giant cockroaches
  5 goblins
  7 hobgoblins
  2 jackals (D:1)
  4 quokkas
  12 ball pythons
  2 ball python skeletons (D:3)
  A ball python zombie (D:3)
  4 frilled lizards
  22 kobolds
  7 rats
168 creatures vanquished.

Vanquished Creatures (others)
  8 plants (D:5)
  5 withered plants (D:3)
13 creatures vanquished.

Grand Total: 181 creatures vanquished

Notes
Turn   | Place    | Note
-------+----------+-------------------------------------------
     0 | D:1      | issech the Troll Fighter began the quest for the Orb.
     0 | D:1      | Reached XP level 1. HP: 22/22 MP: 0/0
   109 | D:1      | Reached skill level 2 in Maces & Flails
   141 | D:1      | Reached XP level 2. HP: 24/29 MP: 1/1
   236 | D:1      | Found a faded altar of an unknown god.
   402 | D:1      | Reached XP level 3. HP: 36/36 MP: 2/2
  1118 | D:3      | Reached XP level 4. HP: 45/45 MP: 3/3
  1127 | D:3      | Noticed a sky beast
  1193 | D:2      | Killed a sky beast
  1194 | D:2      | Reached skill level 3 in Maces & Flails
  1194 | D:2      | Reached XP level 5. HP: 24/53 MP: 4/4
  1328 | D:3      | Found a shadowy altar of Dithmenos.
  1599 | D:3      | Identified the +0 robe of Tajunlu {*Corrode rPois Str+3
                  | Int+2}
  1844 | D:3      | Reached XP level 6. HP: 36/58 MP: 5/5
  2706 | D:4      | Noticed a sky beast
  2774 | D:3      | Killed a sky beast
  2775 | D:3      | Reached skill level 4 in Maces & Flails
  3141 | D:5      | Entered Level 5 of the Dungeon
  3200 | D:4      | Reached XP level 7. HP: 51/68 MP: 6/6
  3858 | D:5      | Reached skill level 5 in Maces & Flails
  4110 | D:5      | Found an ancient bone altar of Kikubaaqudgha.
  4177 | D:5      | Reached XP level 8. HP: 48/78 MP: 7/7
  5296 | D:6      | Found a glowing drain.
  5308 | Sewer    | Entered a sewer
  5522 | Sewer    | Noticed Grinder
  5530 | Sewer    | Paralysed by Grinder for 4 turns
  5544 | Sewer    | Paralysed by Grinder for 4 turns
  5553 | Sewer    | Paralysed by Grinder for 4 turns
  5582 | Sewer    | Paralysed by Grinder for 2 turns
  5599 | Sewer    | Killed Grinder
  5600 | Sewer    | Reached skill level 5 in Shields
  5676 | Sewer    | Reached skill level 6 in Maces & Flails
  5716 | Sewer    | Found an ancient bone altar of Kikubaaqudgha.
  5818 | Sewer    | Gained mutation: You have a pair of small horns on your
                  | head. [potion of mutation]
  5818 | Sewer    | Gained mutation: Potions are less effective at restoring
                  | your health. [potion of mutation]
  5818 | Sewer    | Gained mutation: You heal very quickly. [potion of
                  | mutation]
  6091 | D:6      | Noticed a hornet
  6111 | D:6      | Paralysed by a hornet for 3 turns
  6122 | D:6      | Paralysed by a hornet for 1 turns
  6129 | D:6      | Slain by a hornet

Illustrated notes

Levels and vault maps discovered:
D:1:      ncdulo_halloftheorcs, layout_rooms, nicolae_ecumenical_snake_handling
D:2:      layout_rooms
D:3:      layout_basic, grunt_dithmenos_smoke, serial_undead, serial_undead_c,
          serial_undead_f, serial_undead_f, serial_undead_b,
          minmay_misc_feat_tower, minmay_divided_ellipse
D:4:      layout_basic
D:5:      layout_gridville, kennysheep_mini, nicolae_grassy_gnolls
D:6:      layout_basic, nemelex_diamond_rough_becter, gup_sewer_entry_bubbles

Skill      XL: |  1  2  3  4  5  6  7  8 |
---------------+-------------------------+-----
Maces & Flails | 2 3 4 5 6 |  6.2
Fighting       | 3 4 |  4.5
Shields        | 3 4 5 |  5.2
Dodging        | 3 4 |  4.7
Throwing       | |  0.9
Stealth        | |  0.7

Action                   |  1- 3 |  4- 6 |  7- 9 || total
-------------------------+-------+-------+-------++-------
Melee: Flail             |   102 |       |       ||   102
       Whip              |    14 |   268 |   412 ||   694
       Headbutt          |       |       |     3 ||     3
Throw: Stone             |     2 |       |    15 ||    17
  Use: Scroll            |     2 |       |     7 ||     9
       Potion            |       |       |     2 ||     2
 Stab: Distracted        |       |       |     1 ||     1
Armor: Robe              |    30 |    47 |    86 ||   163
Dodge: Dodged            |    38 |    75 |   170 ||   283
Block: Kite shield       |    45 |   107 |   237 ||   389

Table legend: (Time is in decaauts)
 A = Elapsed time spent in this place.
 B = Non-inter-level travel time spent in this place.
 C = Inter-level travel time spent in this place.
 D = Time resting spent in this place.
 E = Time spent auto-exploring this place.
 F = Levels seen in this place.
 G = Mean time per level.
                   A        B        C        D        E       F      G
               +--------+--------+--------+--------+--------+-----+--------+
         Total |   6229 |   6110 |    119 |    265 |   2256 |   7 |  889.9 |
       Dungeon |   5565 |   5446 |    119 |    265 |   2175 |   6 |  927.5 |
         Sewer |    663 |    663 |      0 |      0 |     80 |   1 |  663.0 |
               +--------+--------+--------+--------+--------+-----+--------+

Top non-repeatable levels by time:
     D:5: 1375 daAuts
     D:3: 1327 daAuts
     D:4: 1226 daAuts
   Sewer: 663 daAuts
     D:2: 589 daAuts
     D:1: 550 daAuts
     D:6: 496 daAuts
